 Dungeon Crawl Stone Soup version 0.21-a0-621-gc60411f (webtiles) character file.

16 Amnesiac the Insei (level 2, -1/19 HPs)
             Began as an Octopode Transmuter on Dec 23, 2017.
             Slain by a goblin
             ... wielding a +0 club
              (4 damage)
             ... on level 1 of the Dungeon.
             The game lasted 00:00:20 (364 turns).

Amnesiac the Insei (Octopode Transmuter)             Turns: 364, Time: 00:00:21

Health: -1/19      AC:  1    Str:  9    XL:     2   Next: 54%
Magic:  5/5        EV: 13    Int: 15    God:
Gold:   0          SH:  0    Dex: 12    Spells: 4/5 levels left

rFire    . . .     SeeInvis .     - Unarmed
rCold    . . .     Gourm    .   (no shield)
rNeg     . . .     Faith    .   (helmet restricted)
rPois    .         Spirit   .   (no amulet)
rElec    .         Reflect  .   (no ring)
rCorr    .         Harm     .   (no ring)
MR       .....                  (no ring)
Stlth    ++........             (no ring)
HPRegen  0.06/turn              (no ring)
MPRegen  0.09/turn              (no ring)
                                (no ring)
                                (no ring)

@: no status effects
A: almost no armour, stealthy swim, amphibious, 8 rings, constrict 8, camouflage
1, gelatinous body 1
a: no special abilities


You were on level 1 of the Dungeon.
You were not hungry.

You visited 1 branch of the dungeon, and saw 1 of its levels.

Inventory:

Missiles
 a - 12 arrows
Books
 b - a book of Changes

   Spells                             Type                      Level
   a - Beastly Appendage              Transmutation                1
   b - Sticks to Snakes               Transmutation                2
   c - Spider Form                    Transmutation/Poison         3
   d - Ice Form                       Ice/Transmutation            4
   e - Blade Hands                    Transmutation                5
Comestibles
 c - 2 rations
 d - 8 chunks of flesh


   Skills:
 + Level 1.8 Fighting
 - Level 2.0 Dodging
 - Level 3.0 Unarmed Combat
 - Level 2.0 Spellcasting
 + Level 2.5 Transmutations


You had 4 spell levels left.
You knew the following spells:

 Your Spells              Type           Power        Failure   Level  Hunger
a - Beastly Appendage     Tmut           #.....       8%          1    #......


Dungeon Overview and Level Annotations

Branches:
Dungeon (1/15)

Altars:


Innate Abilities, Weirdness & Mutations

You cannot wear most types of armour.
You are very stealthy in the water. (Stealth+)
You are amphibious.
You can wear up to eight rings at the same time.
You can use your tentacles to constrict eight enemies at once.
Your skin changes colour to match your surroundings (Stealth+).
Your rubbery body absorbs attacks. (AC +1, EV +1)


Message History

You kill the goblin!
You butcher the goblin corpse.
d - 8 chunks of flesh (gained 3)
e - 2 stones (gained 1)
There is an open door here.
You open the door.
A bat and a goblin come into view.
Found a scroll labeled NOCIEMETUU.
Throwing (i - inventory):
e - 2 stones (quivered)
Press: ? - help, Shift-Dir - straight line, f - bat
Aim: a bat You throw a stone.
The stone barely misses the bat.
The goblin shouts!
The bat hits you.
A goblin comes into view. It is wielding a club.
There are monsters nearby!
You barely miss the bat.
The goblin shouts!
The bat hits you. The bat misses you.
The goblin moves out of view.
There are monsters nearby!
Throwing (i - inventory):
e - a stone (quivered)
Press: ? - help, Shift-Dir - straight line, f/p - bat
Aim: a bat You throw a stone.
The stone hits the bat.
The bat is moderately wounded.
The bat hits you but does no damage.
There are monsters nearby!
A rat comes into view.
The bat barely misses you. The goblin barely misses you.
There is an open door here.
There are monsters nearby!
You tentacle-slap the bat.
You kill the bat!
The goblin hits you with a club. The goblin hits you but does no damage.
There are monsters nearby!
You completely miss the goblin. The goblin misses you.
The goblin completely misses you.
There are monsters nearby!
You barely miss the goblin. The goblin hits you with a club. x2
* * * LOW HITPOINT WARNING * * *
There are monsters nearby!
You tentacle-slap the goblin.
The goblin is severely wounded.
The rat closely misses you. The goblin barely misses you.
The goblin hits you with a club.
* * * LOW HITPOINT WARNING * * *
There are monsters nearby!
You are too injured to fight recklessly!
There are monsters nearby!
You are too injured to fight recklessly!
There are monsters nearby!
You are too injured to fight recklessly!
There are monsters nearby!
You are too injured to fight recklessly!
You tentacle-slap the rat. You grab the rat. You squeeze the rat.
You kill the rat!
You tentacle-slap the goblin. You grab the goblin.
The goblin is moderately wounded.
You constrict the goblin. The goblin hits you with a club.
* * * LOW HITPOINT WARNING * * *
You tentacle-slap the goblin.
You kill the goblin!
The goblin hits you with a club.
You die...

###'####
###......##......#
.(...... #......#
#....... #......###
#......#.#........#
#......#.#........#
##...?..#..........#
#....(g.##.##'#....#
#@# #.##.######
###.###..#.####
#.............#
#.#.####...##.#
#.#.........#.#
#....####...#.#
#....####...#.#
#....'.##...#.#
#....#.##...#.#


You could see a goblin.

Vanquished Creatures
  A leopard gecko (D:1)
  2 bats (D:1)
  A giant cockroach (D:1)
  2 goblins (D:1)
  2 hobgoblins (D:1)
  3 kobolds (D:1)
  2 rats (D:1)
13 creatures vanquished.

Notes
Turn   | Place    | Note
-------+----------+-------------------------------------------
     0 | D:1      | Amnesiac the Octopode Transmuter began the quest for the Orb.
     0 | D:1      | Reached XP level 1. HP: 13/13 MP: 3/3
   192 | D:1      | Reached XP level 2. HP: 17/18 MP: 5/5
   364 | D:1      | Slain by a goblin

Vault maps used:
D:1:      saegor_arrival_simple_a

Action                   || total
-------------------------++-------
Melee: Unarmed           ||    29
       Constrict         ||     5
       Tentacles         ||     5
Throw: Stone             ||    10
 Stab: Sleeping          ||     1
Armor: Skin              ||     3
Dodge: Dodged            ||    14

Table legend:
 A = Spawn XP
 B = Non-spawn XP
 C = Spawn XP percentage of total XP
 D = Spawn monster count
 E = Non-spawn monster count
 F = Spawn count percentage of total count
 G = Total turns spent on level
                    A         B        C        D         E        F      G
               +---------+---------+-------+---------+---------+-------+---------
         Total |       0 |      23 |   0.0 |       0 |      13 |   0.0 |   364
               +---------+---------+-------+---------+---------+-------+---------
           D:1 |       0 |      23 |   0.0 |       0 |      13 |   0.0 |   364
               +---------+---------+-------+---------+---------+-------+---------
